 Dungeon Crawl Stone Soup version 0.32-a0-705-g60f233581c (webtiles) character file.

Game seed: 11407784755986753463

1856 seren the Changeling (level 9, -8/59 HPs)
             Began as an Octopode Shapeshifter on Mar 14, 2024.
             Was an Initiate of Gozag.
             Mangled by Maurice
             ... wielding a +0 short sword
              (14 damage)
             ... on level 7 of the Dungeon.
             The game lasted 00:18:21 (5800 turns).

seren the Changeling (Octopode Shapeshifter)        Turns: 5800, Time: 00:18:21

Health: -8/59      AC:  1    Str: 15    XL:     9   Next: 13%
Magic:  4/9        EV: 14    Int: 12    God:    Gozag
Gold:   0          SH:  0    Dex: 14    Spells: 8/8 levels left

rFire   . .          .
                       - Unarmed
rCold   . . .        (no shield)
rNeg    . . .        (helmet currently unavailable)
rPois   +            g - amulet of regeneration
rElec   .            h - ring of flight
rCorr   .            A - ring of poison resistance
SInv    .            (no ring)
Will    .....        (no ring)
Stlth   ++++         (no ring)
HPRegen 1.09/turn    (no ring)
MPRegen 0.11/turn    (no ring)
                     (no ring)

%: no passive effects
@: beast-form, on berserk cooldown, flying, slowed, very slow
A: beast (slay +3), almost no armour, amphibious, 8 rings, camouflage 1,
gelatinous body 1, (nimble swimmer 1), tentacles
a: Begin Untransformation, Renounce Religion, Potion Petition, Call Merchant,
Bribe Branch


You were on level 7 of the Dungeon.
You worshipped Gozag.
Gozag was noncommittal.
You were a hulking beast.
You visited 2 branches of the dungeon, and saw 8 of its levels.

You collected 78 gold pieces.
You paid 78 gold pieces to Gozag.

Inventory:

Missiles
 f - 24 stones
 v - 3 curare-tipped darts
 x - 5 javelins (quivered)
Jewellery
 g - an amulet of regeneration (around mantle)
 h - a ring of flight (left tentacle)
 A - a ring of poison resistance (right tentacle)
Talismans
 b - a beast talisman (active)
Wands
 p - a wand of flame (1)
 z - a wand of charming (7)
Scrolls
 a - a scroll of vulnerability {unknown}
 e - 2 scrolls of fog
 j - a scroll of immolation
 l - 2 scrolls of teleportation {!r}
 m - 2 scrolls of torment
 q - a scroll of enchant armour {unknown}
 t - a scroll of noise {unknown}
 B - a scroll of identify
Potions
 d - a potion of attraction {unknown}
 k - a potion of enlightenment {unknown}
 n - a potion of resistance {unknown}
 o - 2 potions of brilliance {unknown}
 r - a potion of haste {unknown}
 s - a potion of might {unknown}
 u - a potion of degeneration {unknown}


   Skills:
 + Level 4.7 Fighting
 + Level 5.2 Dodging
 - Level 4.0 Stealth
 + Level 5.5 Unarmed Combat
 + Level 3.4 Evocations
 * Level 6.7 Shapeshifting


You had 8 spell levels left.
You didn't know any spells.
Your spell library contained the following spells:

 Spells                   Type           Power      Damage    Failure   Level
 Slow                     Hex            0%         N/A       32%         1
 Confusing Touch          Hex            0%         N/A       69%         3
 Summon Ice Beast         Ice/Summ       0%         N/A       69%         3
 Vampiric Draining        Necr           0%         2d6       69%         3
 Leda's Liquefaction      Alch/Erth      0%         N/A       97%         4
 Petrify                  Alch/Erth      0%         N/A       97%         4
 Metabolic Englaciation   Hex/Ice        0%         N/A       100%        5
 Summon Mana Viper        Hex/Summ       0%         N/A       100%        5
 Monstrous Menagerie      Summ           0%         N/A       100%        7


Dungeon Overview and Level Annotations

Branches:
Dungeon (7/15)             Temple (1/1) D:6

Altars:
Ashenzari
Cheibriados
Elyvilon
Fedhas
Gozag
Hepliaklqana
Kikubaaqudgha
Makhleb
Nemelex Xobeh
Ru
Sif Muna
Vehumet
Xom
Yredelemnul
Zin
The Shining One

Shops:
D:5 (

Annotations:
D:3 Sigmund
D:4 exclusions: door, ogre and upstairs, Duvessa, Eustachio
D:5 exclusion: downstairs
D:7 3 runed translucent doors, Maurice; t4s4d4r's ghost, novice CoFi


Innate Abilities, Weirdness & Mutations

You are a hulking beast.
Your limbs bulge with bestial killing power. (Slay +3)
You cannot wear most types of armour.
You are amphibious.
You can wear up to eight rings at the same time.
Your skin changes colour to match your surroundings (Stealth+).
Your rubbery body absorbs attacks. (AC +1, EV +1)
((You are camouflaged when in or above water. (Stealth+)))
You have tentacles for arms and can constrict up to eight enemies at once.


Message History

You feel sick.
You feel sick.
You are no longer poisoned.
You hear some strange, mumbled words.
A red film seems to cover your vision as you go berserk!
You feel yourself moving faster!
You feel mighty!
You feel a strong urge to attack something.
There is a large open door, spattered with blood here.
You feel your anger nearly subside.
You are no longer berserk.
You are exhausted.
You feel yourself slow down. Something hits you!
Something steals your orb of wrath! Something bites you.
You feel your power leaking away. Something drains your magic.
Something hits you. Something steals your flux talisman! Something bites you.
* * * LOW HITPOINT WARNING * * *
You feel your power leaking away. Something drains your magic.
You miss something. You squeeze something!
Reactivating autopickup.
Maurice appears from thin air!
Maurice hits you with a +0 short sword!
* * * LOW HITPOINT WARNING * * *
Maurice steals 233 gold pieces!
You now have 0 gold pieces.
Maurice closely misses you. Maurice completely misses you.
Maurice barely misses you.
You closely miss Maurice. You grab Maurice. Your squeeze misses Maurice.
Maurice is lightly wounded.
You constrict Maurice! Maurice hits you with a +0 short sword!
* * * LOW HITPOINT WARNING * * *
Maurice groans, "What are you, a monk?" Maurice barely misses you.
Maurice hits you with a +0 short sword!
* * * LOW HITPOINT WARNING * * *
Maurice groans, "What are you, a monk?" Maurice completely misses you.
You tentacle-slap Maurice.
Maurice is lightly wounded.
You constrict Maurice. Maurice barely misses you. Maurice closely misses you.
Maurice hits you with a +0 short sword!
You die...
Your body crumbles into a pile of gold.

#.# #. #.#### #.
#....# #.
#.##.####### .####
#.#........##♣P.♣.
#.#.######.##~P~.~
#.#.#≈≈≈≈#.##♣P~~.
###.#.'≈>§§#.#...#.#
#(.hf.'§§⌠§#........
#.#...#≈≈§≈#.#...###
#.###.######.##.## #
# #...........# #
#.####.###### # #.#
#.# ## #.# #.# #.
...####.########.
...............#.


You could see Maurice (berserk).

Vanquished Creatures
  A hornet (D:6)
  2 water moccasins
  A sky beast (D:7)
  An ogre (D:5)
  A centaur (D:5)
  A kobold brigand (D:6)
  2 bullfrogs
  3 scorpions
  3 wights (D:6)
  A bombardier beetle (D:5)
  2 hounds
  An orc priest (D:6)
  2 gnoll boudas
  4 orc wizards
  An iguana (D:5)
  10 gnolls
  8 adders
  A shadow imp (D:5)
  4 ufetubi
  4 ribbon worms
  4 dart slugs
  24 orcs
  6 ball pythons
  8 bats
  An endoplasm (D:1)
  A giant cockroach (D:4)
  3 goblins (D:1)
  6 hobgoblins
  7 jackals
  9 kobolds
  7 quokkas
  6 frilled lizards
  5 rats
140 creatures vanquished.

Notes
Turn   | Place    | Note
-------+----------+-------------------------------------------
     0 | D:1      | seren the Octopode Shapeshifter began the quest for the
                  | Orb.
     0 | D:1      | Reached XP level 1. HP: 13/13 MP: 1/1
    68 | D:1      | Reached XP level 2. HP: 18/18 MP: 2/2
   399 | D:1      | Reached XP level 3. HP: 23/23 MP: 3/3
   434 | D:1      | Found a faded altar of an unknown god.
   795 | D:2      | Reached skill level 1 in Stealth
   887 | D:2      | Reached XP level 4. HP: 24/29 MP: 4/4
  1700 | D:3      | Reached XP level 5. HP: 14/34 MP: 5/5
  1930 | D:3      | Noticed Sigmund
  2051 | D:4      | Noticed Duvessa
  2250 | D:4      | Found a broken altar of Ashenzari.
  2557 | D:4      | Noticed Eustachio
  2648 | D:4      | Noticed an ogre
  2694 | D:5      | Entered Level 5 of the Dungeon
  2722 | D:5      | Reached skill level 4 in Shapeshifting
  2722 | D:5      | Reached XP level 6. HP: 41/41 MP: 6/6
  2922 | D:5      | Found a glowing golden altar of the Shining One.
  2953 | D:5      | Found Jephef's Antique Weapon Emporium.
  3630 | D:5      | Reached XP level 7. HP: 45/45 MP: 7/7
  3806 | D:5      | Reached skill level 5 in Shapeshifting
  4061 | D:6      | Noticed a hornet
  4178 | D:6      | Reached skill level 1 in Evocations
  4251 | D:6      | Found a radiant altar of Vehumet.
  4485 | D:5      | Reached XP level 8. HP: 43/52 MP: 8/8
  4578 | D:6      | Paralysed by a hornet for 2 turns
  4590 | D:6      | Paralysed by a hornet for 3 turns
  4594 | D:6      | Killed a hornet
  4616 | D:6      | Identified the +3 flail "Ufroruib" {distort, rC+ Str+2}
  4900 | D:6      | Reached skill level 5 in Unarmed Combat
  4925 | D:6      | Reached skill level 6 in Shapeshifting
  4993 | D:6      | Found a staircase to the Ecumenical Temple.
  5076 | Temple   | Entered the Ecumenical Temple
  5083 | Temple   | Became a worshipper of Gozag Ym Sagoz the Greedy
  5111 | D:6      | Found a burning altar of Makhleb.
  5294 | D:7      | Reached skill level 5 in Dodging
  5294 | D:7      | Reached XP level 9. HP: 43/59 MP: 9/9
  5383 | D:7      | Found a runed translucent gate.
  5383 | D:7      | Found a runed translucent gate.
  5384 | D:7      | Found a runed translucent gate.
  5396 | D:7      | Noticed a spectral unseen horror
  5398 | D:7      | Noticed t4s4d4r's ghost (novice CoFi)
  5535 | D:7      | Found a basalt altar of Yredelemnul.
  5536 | D:7      | Noticed Maurice
  5568 | D:7      | Found a hazy altar of Hepliaklqana.
  5796 | D:7      | Something stole an orb of wrath
  5797 | D:7      | Something stole a flux talisman
  5798 | D:7      | Maurice stole 233 gold
  5800 | D:7      | Mangled by Maurice

Illustrated notes

Levels and vault maps discovered:
D:1:      dpeg_arrival_rooms_b, layout_basic,
          dreamdust_ecumenical_altar_statues, minmay_misc_feat_chi
D:2:      wander_river, layout_loops_corners
D:3:      layout_loops_corners, uniq_sigmund
D:4:      dreamdust_elfheim, layout_basic,
          mainiacjoe_overflow_concentric_impassable, serial_corexii_hall,
          corexii_hall_statues_deadend, chequers_hall_statues_y, uniq_eustachio
D:5:      layout_basic, tso_altar, serial_shops, nicolae_shop_crystal
D:6:      layout_rooms, lemuel_doored_altar, kennysheep_mini_moat,
          minmay_temple_entry_ruins
D:7:      minmay_general_purpose_star, layout_loops_ring,
          grunt_temple_overflow_open, general_overflow_altar,
          gammafunk_ghost_necromancy, grunt_ministairs_10, st_stairs_4,
          serial_bayou_pond_e, fountainhead, nicolae_twisty_statue_hallways,
          uniq_jeremiah, uniq_prince_ribbit1, uniq_maurice
Temple:   nicolae_temple_ecumenical_triangle

Skill      XL: |  1  2  3  4  5  6  7  8 |
---------------+-------------------------+-----
Stealth        | 1 2 3 4 |  4.0
Fighting       | 2 3 4 |  4.7
Dodging        | 3 4 5 |  5.2
Shapeshifting  | 4 5 6 |  6.7
Unarmed Combat | 4 5 |  5.5
Evocations     | 1 3 |  3.4

Action                     |  1- 3 |  4- 6 |  7- 9 || total
---------------------------+-------+-------+-------++-------
  Melee: Unarmed           |    66 |    99 |   125 ||   290
         Tentacles         |    11 |    26 |    34 ||    71
         Constrict         |    17 |    31 |    45 ||    93
         Punch             |     1 |     3 |       ||     4
  Throw: Stone             |       |     1 |       ||     1
         Dart              |       |       |    13 ||    13
         Javelin           |       |       |     2 ||     2
  Evoke: Wand              |       |       |    12 ||    12
    Use: Scroll            |       |     4 |     3 ||     7
         Potion            |       |       |     4 ||     4
   Stab: Sleeping          |     7 |    10 |     2 ||    19
         Distracted        |       |     1 |       ||     1
 Armour: Skin              |    19 |    48 |    82 ||   149
  Dodge: Dodged            |    32 |    56 |   121 ||   209
   Form: Flux              |       |       |     1 ||     1
         Beast             |       |       |     1 ||     1

Table legend: (Time is in decaauts)
 A = Elapsed time spent in this place.
 B = Non-inter-level travel time spent in this place.
 C = Inter-level travel time spent in this place.
 D = Time resting spent in this place.
 E = Time spent auto-exploring this place.
 F = Levels seen in this place.
 G = Mean time per level.
                   A        B        C        D        E       F      G
               +--------+--------+--------+--------+--------+-----+--------+
         Total |   5801 |   5396 |    405 |    292 |   3452 |   8 |  725.1 |
       Dungeon |   5787 |   5388 |    399 |    292 |   3452 |   7 |  826.7 |
        Temple |     14 |      8 |      6 |      0 |      0 |   1 |   14.0 |
               +--------+--------+--------+--------+--------+-----+--------+

Top non-repeatable levels by time:
     D:5: 1497 daAuts
     D:4: 957 daAuts
     D:2: 873 daAuts
     D:6: 760 daAuts
     D:1: 749 daAuts
     D:7: 527 daAuts
     D:3: 421 daAuts
  Temple: 14 daAuts
